 Dungeon Crawl Stone Soup version 0.21-a0-278-ga722497 (webtiles) character file.

255 4thArraOfDagon the Skirmisher (level 6, -10/52 HPs)
             Began as a Human Wanderer on Sept 21, 2017.
             Engulfed by a cloud of flame (18 damage)
             ... on level 5 of the Dungeon.
             The game lasted 00:07:20 (1820 turns).

4thArraOfDagon the Skirmisher (Human Wanderer)      Turns: 1820, Time: 00:07:21

Health: -10/52     AC:  5    Str: 10    XL:     6   Next: 38%
Magic:  6/6        EV: 10    Int: 15    God:
Gold:   116        SH:  4    Dex: 14    Spells: 5/5 levels left

rFire    . . .     SeeInvis .   a - +2 dagger
rCold    . . .     Gourm    .   d - +0 buckler
rNeg     . . .     Faith    .   i - -1 ring mail (curse)
rPois    .         Spirit   .   h - +0 helmet
rElec    .         Reflect  .   (no cloak)
rCorr    .         Harm     .   (no gloves)
MR       .....                  (no boots)
Stlth    ++........             (no amulet)
HPRegen  0.17/turn              (no ring)
MPRegen  0.10/turn              (no ring)

@: no status effects
A: no striking features
a: no special abilities


You were on level 5 of the Dungeon.
You were not hungry.

You visited 1 branch of the dungeon, and saw 5 of its levels.

You collected 116 gold pieces.

Inventory:

Hand Weapons
 a - a +2 dagger (weapon)
Armour
 d - a +0 buckler (worn)
 e - a +0 robe
 h - a +0 helmet (worn)
 i - a cursed -1 ring mail (worn)
Wands
 g - a wand of lightning (0/15)
Potions
 c - a potion of brilliance
 k - a potion of flight
Comestibles
 b - 2 royal jellies
 f - 3 bread rations
 j - 4 fruits


   Skills:
 + Level 6.2 Fighting
 - Level 1.0 Throwing
 - Level 2.0 Dodging
 - Level 3.0 Stealth
 - Level 1.0 Shields
 - Level 1.0 Unarmed Combat


You had 5 spell levels left.
You didn't know any spells.

Dungeon Overview and Level Annotations

Branches:
Dungeon (5/15)
 Temple: D:4-7

Altars:
Okawaru

Annotations:
D:2 Natasha, Terence
D:3 1 runed door, Jessica


Message History

You hit the quokka.
The quokka is heavily wounded.
The quokka bites you. x2
You hit the quokka.
The quokka is almost dead.
The quokka bites you.
The sky beast flickers out of sight!
Deactivating autopickup; reactivate with Ctrl-A.
You hit the quokka.
The quokka explodes!
You hear an explosion!
Your Fighting skill increases to level 6!
You have reached level 6!
Your experience leads to an increase in your attributes!
Increase (S)trength, (I)ntelligence, or (D)exterity?
You feel clever.
You feel a bit more experienced. The fiery explosion engulfs you!
Ouch! That really hurt!
* * * LOW HITPOINT WARNING * * *
You are engulfed in blazing flames.
You die...

### #.# #.... #.#
##.... ###.# #
...... ...###.#
##.#..###..%.#.#.
.................
........§....#
........§§§<.#.#
.....#..#@....#
.........#.....#
...#.....#.....#
................
.....$............
......#..##...#####
....%....##...#
.........# ....


There were no monsters in sight!

Vanquished Creatures
  A sky beast (D:5)
  A bullfrog (D:4)
  A hound (D:3)
  A worker ant (D:4)
  An adder (D:4)
  A worm (D:3)
  3 dart slugs
  A leopard gecko (D:4)
  3 orcs
  2 bats
  3 giant cockroaches
  A goblin (D:3)
  2 hobgoblins
  A kobold (D:1)
  A quokka (D:5)
  A ball python (D:5)
  2 frilled lizards
  4 rats
30 creatures vanquished.

Notes
Turn   | Place    | Note
-------+----------+-------------------------------------------
     0 | D:1      | 4thArraOfDagon the Human Wanderer began the quest for the Orb.
     0 | D:1      | 4thArraOfDagon set off with: a +2 dagger, a potion of haste, a scroll of teleportation, a +0 buckler, a +0 robe, a bread ration
     0 | D:1      | Reached XP level 1. HP: 16/16 MP: 1/1
   123 | D:1      | Reached XP level 2. HP: 9/23 MP: 2/2
   736 | D:5      | Entered Level 5 of the Dungeon
   771 | D:3      | Reached skill level 3 in Fighting
   802 | D:3      | Noticed Jessica
   962 | D:4      | Found an iron altar of Okawaru.
   974 | D:4      | Noticed a phantom
  1011 | D:4      | Noticed a bullfrog
  1032 | D:4      | Killed a bullfrog
  1032 | D:4      | Reached skill level 4 in Fighting
  1032 | D:4      | Reached XP level 3. HP: 14/31 MP: 3/3
  1032 | D:4      | Reached XP level 4. HP: 17/38 MP: 4/4
  1298 | D:4      | Reached XP level 5. HP: 43/43 MP: 5/5
  1333 | D:4      | Reached skill level 5 in Fighting
  1551 | D:3      | Found a runed door.
  1713 | D:2      | Noticed Terence
  1725 | D:2      | Noticed Natasha
  1800 | D:5      | Noticed a sky beast
  1820 | D:5      | Killed a sky beast
  1820 | D:5      | Reached skill level 6 in Fighting
  1820 | D:5      | Reached XP level 6. HP: 39/52 MP: 6/6
  1820 | D:5      | Engulfed by a cloud of flame

Vault maps used:
D:1:      minmay_arrival_cross
D:2:      evilmike_ruin_ashenzari, uniq_terence, uniq_natasha
D:3:      first_bread, st_stairs_2, uniq_crazy_yiuf_cottage, uniq_jessica
D:4:      abandoned_shop, okawaru_ov_weapons_minmay
D:5:      gammafunk_temple_overflow_arena

Skill      XL: |  1  2  3  4  5 |
---------------+----------------+-----
Fighting       | 4 6 |  6.2
Throwing       | |  1.0
Dodging        | |  2.0
Stealth        | |  3.0
Shields        | |  1.0
Unarmed Combat | |  1.0

Action                   |  1- 3 |  4- 6 || total
-------------------------+-------+-------++-------
Melee: Dagger            |    62 |    88 ||   150
Evoke: Wand              |     2 |     6 ||     8
  Use: Potion            |     1 |     1 ||     2
       Scroll            |     3 |     3 ||     6
 Stab: Sleeping          |       |     1 ||     1
  Eat: Chunk             |       |     4 ||     4
Armor: Robe              |     5 |     8 ||    13
       Ring mail         |       |     6 ||     6
Dodge: Dodged            |    32 |    51 ||    83
Block: Buckler           |     8 |     8 ||    16

Table legend:
 A = Spawn XP
 B = Non-spawn XP
 C = Spawn XP percentage of total XP
 D = Spawn monster count
 E = Non-spawn monster count
 F = Spawn count percentage of total count
 G = Total turns spent on level
                    A         B        C        D         E        F      G
               +---------+---------+-------+---------+---------+-------+---------
         Total |       0 |     365 |   0.0 |       0 |      30 |   0.0 |  1820
               +---------+---------+-------+---------+---------+-------+---------
           D:1 |       0 |      13 |   0.0 |       0 |       6 |   0.0 |   534
           D:2 |       0 |       2 |   0.0 |       0 |       2 |   0.0 |   135
           D:3 |       0 |      62 |   0.0 |       0 |      10 |   0.0 |   420
           D:4 |       0 |     156 |   0.0 |       0 |       9 |   0.0 |   702
           D:5 |       0 |     132 |   0.0 |       0 |       3 |   0.0 |    29
               +---------+---------+-------+---------+---------+-------+---------
